 Dungeon Crawl Stone Soup version 0.25-a0-105-g2289b3b9f1 (webtiles) character file.

Game seed: 10041600937411565374, levelgen mode: deterministic

717 Conn the Sneak (level 7, -1/44 HPs)
             Began as an Octopode Fire Elementalist on Nov 16, 2019.
             Was an Initiate of Sif Muna.
             Slain by Edmund
             ... wielding a +2 flail of draining
              (5 damage)
             ... on level 5 of the Dungeon.
             The game lasted 00:13:01 (5021 turns).

Conn the Sneak (Octopode Fire Elementalist)         Turns: 5021, Time: 00:13:04

Health: -1/44      AC:  1    Str:  7    XL:     7   Next: 70%
Magic:  1/12       EV: 16    Int: 19    God:    Sif Muna [......]
Gold:   170        SH:  0    Dex: 13    Spells: 2/13 levels left

rFire    + . .     SeeInvis .   f - +0 short sword
rCold    . . .     Gourm    .   (no shield)
rNeg     . . .     Faith    .   (helmet restricted)
rPois    .         Spirit   .   v - amulet of rage
rElec    .         Reflect  .   l - +3 ring of evasion
rCorr    .         Harm     .   s - ring of protection from cold
MR       .....                  u - ring of fire
Stlth    ++++......             (no ring)
HPRegen  0.14/turn              (no ring)
MPRegen  0.13/turn              (no ring)
                                (no ring)
                                (no ring)

@: very slightly contaminated, drained
A: almost no armour, stealthy swim, amphibious, 8 rings, constrict 8, camouflage
1, gelatinous body 1
a: Renounce Religion, Evoke Berserk Rage


You were on level 5 of the Dungeon.
You worshipped Sif Muna.
Sif Muna was noncommittal.
You were very full.

You visited 2 branches of the dungeon, and saw 6 of its levels.

You collected 170 gold pieces.

Inventory:

Hand Weapons
 f - a +0 short sword (weapon)
Missiles
 r - 7 boomerangs of dispersal (quivered)
Jewellery
 l - a +3 ring of evasion (left tentacle)
 q - an uncursed amulet of the gourmand
 s - a ring of protection from cold (right tentacle)
 u - a ring of fire (on tentacle)
 v - an amulet of rage (around mantle)
Wands
 y - a wand of random effects (19)
Scrolls
 a - 2 scrolls of identify {unknown}
 c - a scroll of enchant weapon {unknown}
 g - 2 scrolls of teleportation {unknown}
 i - 3 scrolls of enchant armour {unknown}
 k - 3 scrolls of remove curse
 o - a scroll of amnesia {unknown}
 t - a scroll of fog
Potions
 d - a potion of resistance {unknown}
 e - 2 potions of curing
 h - a potion of degeneration {unknown}
 j - a potion of might {unknown}
 m - a potion of ambrosia {unknown}
 n - a potion of mutation {unknown}
 p - a potion of invisibility {unknown}
 x - a potion of heal wounds {unknown}
Comestibles
 b - 12 rations
 w - 3 chunks of flesh


   Skills:
 + Level 1.7(0.8) Fighting
 + Level 3.1(2.1) Short Blades
   Level 0.2(0.0) Maces & Flails
 + Level 2.9(1.9) Dodging
 + Level 6.0(4.9) Stealth
 + Level 3.5(2.5) Spellcasting
 + Level 3.1(2.2) Conjurations
 + Level 4.4(3.4) Fire Magic


You had 2 spell levels left.
You knew the following spells:

 Your Spells              Type           Power        Failure   Level  Hunger
a - Flame Tongue          Conj/Fire      ###..        4%          1    #......
b - Conjure Flame         Conj/Fire      ###.....     16%         3    ###....
c - Inner Flame           Hex/Fire       ##......     24%         3    ###....
d - Sticky Flame          Conj/Fire      ###.....     45%         4    #####..

Your spell library contained the following spells:

 Spells                   Type           Power        Failure   Level  Hunger
 Throw Flame              Conj/Fire      ###...       8%          2    ##.....
 Fireball                 Conj/Fire      ###.......   80%         5    ######.


Dungeon Overview and Level Annotations

Branches:
Dungeon (5/15)             Temple (1/1) D:5

Altars:
Ashenzari
Cheibriados
Dithmenos
Elyvilon
Fedhas
Gozag
Hepliaklqana
Kikubaaqudgha
Makhleb
Nemelex Xobeh
Okawaru
Qazlal
Ru
Sif Muna
Trog
Uskayaw
Wu Jian
Yredelemnul
Zin

Annotations:
D:5 Edmund


Innate Abilities, Weirdness & Mutations

You cannot wear most types of armour.
You are very stealthy in the water. (Stealth+)
You are amphibious.
You can wear up to eight rings at the same time.
You can use your tentacles to constrict eight enemies at once.
Your skin changes colour to match your surroundings (Stealth+).
Your rubbery body absorbs attacks. (AC +1, EV +1)


Message History

Casting: Flame Tongue (safe; 4% risk of failure)
Confirm with . or Enter, or press ? or * to list all spells.
Aiming: Flame Tongue (safe; 4% risk of failure)
Press: ? - help, Shift-Dir - straight line, f/p - Edmund
Aim: Edmund, wielding a +2 flail of draining and wearing a +0 leather armour (moderately wounded, constricted by you)
You feel a surge of power!
You miscast Flame Tongue.
You are very lightly contaminated with residual magic.
Nothing appears to happen.
You constrict Edmund.
Casting: Flame Tongue (safe; 4% risk of failure)
Confirm with . or Enter, or press ? or * to list all spells.
Aiming: Flame Tongue (safe; 4% risk of failure)
Press: ? - help, Shift-Dir - straight line, f/p - Edmund
Aim: Edmund, wielding a +2 flail of draining and wearing a +0 leather armour (heavily wounded, constricted by you)
You feel a surge of power!
The flame tongue hits Edmund!
Edmund is heavily wounded.
You constrict Edmund, but do no damage.
Edmund hits you with a +2 flail of draining!
* * * LOW HITPOINT WARNING * * *
You feel drained.
You die...

##.....#
................
................. .#
........... .#
#####......... .#
####+##...+......... .#
#.....#...#......... $#
#.....#...#......... ##
#....####'#.........
#.<@@#..............
###...?#..............
........'..............
.....#...#..............
.....#...#..............
.>.. #...#..............
... #######+##.........
... #......... ...


You could see Edmund.

Vanquished Creatures
  An ogre (D:4)
  A scorpion (D:5)
  A crimson imp (D:5)
  2 hounds (D:5)
  An orc priest (D:3)
  A bullfrog skeleton (D:4)
  Natasha (thrice) (D:2)
  An iguana (D:4)
  3 worker ants
  A howler monkey zombie (D:5)
  5 adders
  7 gnolls
  A river rat (D:4)
  An ooze (D:2)
  4 worms
  4 dart slugs
  A leopard gecko (D:2)
  16 orcs
  6 giant cockroaches
  9 goblins
  2 hobgoblins
  A quokka (D:2)
  2 ball pythons
  12 bats
  12 frilled lizards
  8 kobolds
  14 rats
120 creatures vanquished.

Notes
Turn   | Place    | Note
-------+----------+-------------------------------------------
     0 | D:1      | Conn the Octopode Fire Elementalist began the quest for the
                  | Orb.
     0 | D:1      | Reached XP level 1. HP: 11/11 MP: 3/3
   251 | D:1      | Reached XP level 2. HP: 10/17 MP: 0/5
   684 | D:1      | Reached skill level 3 in Stealth
   963 | D:1      | Reached XP level 3. HP: 21/21 MP: 6/6
  1012 | D:2      | Found a white marble altar of Elyvilon.
  1230 | D:2      | Found a bloodstained altar of Trog.
  1390 | D:2      | Found a hide-covered altar of Uskayaw.
  1391 | D:2      | Found a hazy altar of Hepliaklqana.
  1391 | D:2      | Found an iron altar of Okawaru.
  1393 | D:2      | Reached XP level 4. HP: 27/27 MP: 5/7
  1448 | D:2      | Noticed Natasha
  1456 | D:2      | Killed Natasha
  1702 | D:2      | Noticed Natasha
  1763 | D:2      | Killed Natasha
  1763 | D:2      | Reached skill level 4 in Stealth
  1763 | D:2      | Reached XP level 5. HP: 15/32 MP: 5/9
  1782 | D:2      | Noticed Natasha
  1794 | D:2      | Killed Natasha
  1794 | D:2      | Reached skill level 1 in Short Blades
  2607 | D:2      | Learned a level 3 spell: Conjure Flame
  2611 | D:2      | Learned a level 3 spell: Inner Flame
  3030 | D:3      | Reached skill level 1 in Fighting
  3030 | D:3      | Reached XP level 6. HP: 23/38 MP: 8/10
  3218 | D:4      | Reached skill level 5 in Stealth
  4141 | D:4      | Reached XP level 7. HP: 43/43 MP: 11/11
  4642 | D:4      | Learned a level 4 spell: Sticky Flame
  4648 | D:5      | Entered Level 5 of the Dungeon
  4751 | D:5      | Found a staircase to the Ecumenical Temple.
  4774 | Temple   | Entered the Ecumenical Temple
  4835 | Temple   | Became a worshipper of Sif Muna the Loreminder
  4997 | D:5      | Reached skill level 6 in Stealth
  5014 | D:5      | Noticed Edmund
  5021 | D:5      | Slain by Edmund

Levels and vault maps discovered:
D:1:      minmay_arrival_arboretum_small, layout_rooms, st_stairs_6
D:2:      layout_rooms, bloody_trog, chequers_temple_overflow_statue_of_worship,
          first_ration, elyvilon_altar_3, uniq_natasha
D:3:      layout_basic
D:4:      layout_loops_corners, portal_sewer_entry_e
D:5:      layout_gridville, minmay_temple_entry_statues_fountains, uniq_edmund
Temple:   regret_index_temple_waves

Skill      XL: |  1  2  3  4  5  6  7 |
---------------+----------------------+-----
Stealth        | 3 4 5 6 |  6.0
Conjurations   | 2 3 |  3.1
Short Blades   | 1 2 3 |  3.1
Fighting       | 1 |  1.7
Spellcasting   | 3 |  3.5
Fire Magic     | 4 |  4.4
Maces & Flails | |  0.2
Dodging        | |  2.9

Action                   |  1- 3 |  4- 6 |  7- 9 || total
-------------------------+-------+-------+-------++-------
Melee: Mace              |    19 |       |       ||    19
       Constrict         |    12 |    23 |    10 ||    45
       Unarmed           |     1 |       |       ||     1
       Short sword       |    16 |    80 |    46 ||   142
       Tentacles         |     3 |     8 |     6 ||    17
 Cast: Flame Tongue      |    46 |    67 |    26 ||   139
       Conjure Flame     |       |     3 |       ||     3
  Use: Scroll            |     4 |       |       ||     4
       Potion            |       |     1 |       ||     1
 Stab: Sleeping          |     3 |    16 |     5 ||    24
  Eat: Chunk             |     2 |    26 |     2 ||    30
Armor: Skin              |     6 |     2 |     2 ||    10
Dodge: Dodged            |    40 |    73 |    45 ||   158

Table legend:
 A = Non-vault XP
 B = Vault XP
 C = Vault XP percentage of total XP
 D = Non-vault monster count
 E = Vault monster count
 F = Vault count percentage of total count
                 A         B        C        D         E       F
            +---------+---------+-------+---------+---------+-------
      Total |     963 |      62 |   6.0 |     110 |      10 |   8.3
            +---------+---------+-------+---------+---------+-------
        D:1 |      34 |       2 |   5.6 |      25 |       1 |   3.8
        D:2 |     150 |      35 |  18.9 |      27 |       1 |   3.6
        D:3 |     176 |       0 |   0.0 |      31 |       0 |   0.0
        D:4 |     324 |      25 |   7.2 |      16 |       8 |  33.3
        D:5 |     279 |       0 |   0.0 |      11 |       0 |   0.0
            +---------+---------+-------+---------+---------+-------
